 Dungeon Crawl Stone Soup version 0.15-a0-674-g7948ca6 (webtiles) character file.

18 4tharraofdagon the Insei (level 2, 0/21 HPs)
             Began as a Demonspawn Transmuter on May 9, 2014.
             Was an Initiate of Dithmenos.
             Slain by Ijyb
             ... wielding a +0,+0 club
              (1 damage)
             ... on Level 2 of the Dungeon.
             The game lasted 00:02:06 (338 turns).

4tharraofdagon the Insei (Demonspawn Transmuter)     Turns: 338, Time: 00:02:07

HP   0/21        AC  3     Str 10      XL: 2   Next: 48%
MP   4/4         EV 12     Int 14      God: Dithmenos [......]
Gold 34          SH  0     Dex 15      Spells:  1 memorised,  4 levels left

rFire  . . .     SeeInvis .       - Unarmed
rCold  . . .     Clarity  .     c - +1 robe
rNeg   . . .     Conserve .     (no shield)
rPois  .         rCorr    .     (helmet restricted)
rElec  .         rRot     .     (no cloak)
SustAb . .       Spirit   .     (no gloves)
rMut   .         Warding  .     (no boots)
Saprov . . .     Stasis   .     j - cursed amulet of inaccuracy
MR     .....                    (no ring)
                                e - +2 ring of dexterity

@: appendage (expiring), not resistant to hostile enchantments, very unstealthy
A: hooves 1, horns 2
a: End Transformation, Renounce Religion


You were on level 2 of the Dungeon.
You worshipped Dithmenos.
Dithmenos was noncommittal.
You were not hungry.
You had grown temporary horns.
You visited 1 branch of the dungeon, and saw 2 of its levels.

You collected 34 gold pieces.

Inventory:

Missiles
 b - 12 arrows
 i - 4 tomahawks (quivered)
Armour
 c - a +1 robe (worn)
Comestibles
 a - a bread ration
Jewellery
 e - a +2 ring of dexterity (left hand)
 j - a cursed amulet of inaccuracy (around neck)
Books
 d - a book of Changes

   Spells                             Type                      Level
   *Beastly Appendage                 Transmutation                1
   Sticks to Snakes                   Transmutation                2
   Spider Form                        Transmutation/Poison         3
   Ice Form                           Ice/Transmutation            4
   Blade Hands                        Transmutation                5


   Skills:
 + Level 1.3 Fighting
 + Level 2.0 Dodging
 * Level 2.9 Unarmed Combat
 + Level 2.2 Spellcasting
 + Level 2.0 Transmutations


You had 4 spell levels left.
You knew the following spells:

 Your Spells              Type           Power        Failure   Level  Hunger
a - Beastly Appendage     Trmt           #.....       12%         1    #......


Dungeon Overview and Level Annotations

Branches:
Dungeon (2/15)

Altars:
Dithmenos

Annotations:
D:2 Ijyb


Innate Abilities, Weirdness & Mutations

You have large cloven feet.
You have a pair of horns on your head.


Message History

You hit Ijyb but do no damage.
Ijyb is heavily wounded.
Ijyb barely misses you.
You hit Ijyb but do no damage.
Ijyb is heavily wounded.
Ijyb barely misses you.
You hit Ijyb but do no damage. You kick Ijyb, but do no damage.
You headbutt Ijyb, but do no damage.
Ijyb is heavily wounded.
Ijyb hits you with a club.
* * * LOW HITPOINT WARNING * * *
You hit Ijyb but do no damage. Your punch misses Ijyb.
Ijyb is heavily wounded.
Ijyb closely misses you.
You miss Ijyb. You kick Ijyb. You headbutt Ijyb, but do no damage.
Ijyb is heavily wounded.
You hit Ijyb. Your kick misses Ijyb.
Ijyb is severely wounded.
Ijyb hits you with a club.
You die...

................ .
.............#.# ..#
###.##.......#.#
..### #.##########.#
......
.#.8.8.8.8..##.......
#...................
#?.........# $....
#.........g##..#.#
#$.......grg@....#
#.........g##..###
#.8.8.8.8.g# ..#
#########........
####.....# ..$..#
....# ####


You could see Ijyb, 3 goblins and a rat.

Vanquished Creatures
  A ball python (D:2)
  2 goblins
  6 hobgoblins
  2 bats (D:1)
  A giant newt (D:2)
  A kobold (D:1)
  4 rats
17 creatures vanquished.

Notes
Turn   | Place    | Note
--------------------------------------------------------------
     0 | D:1      | 4tharraofdagon, the Demonspawn Transmuter, began the quest for the Orb.
     0 | D:1      | Reached XP level 1. HP: 15/15 MP: 3/3
    20 | D:2      | Found a shadowy altar of Dithmenos.
    73 | D:2      | Became a worshipper of Dithmenos the Shadowed
   123 | D:1      | Lost mutation: You have claws for feet. [demonic ancestry]
   123 | D:1      | Lost mutation: You have razor-sharp toenails. [demonic ancestry]
   123 | D:1      | Lost mutation: You have sharp toenails. [demonic ancestry]
   123 | D:1      | Gained mutation: You have large cloven feet. [demonic ancestry]
   123 | D:1      | Reached XP level 2. HP: 8/21 MP: 2/4
   300 | D:2      | Noticed Ijyb
   335 | D:2      | HP: 1/21 [Ijyb/club (3)]
   338 | D:2      | Slain by Ijyb

Action                   || total
-------------------------++-------
Melee: Unarmed           ||    73
 Cast: Beastly Appendage ||     5
  Use: Scroll            ||     4

Vault maps used:
D:1:      scummos_arrival_checkerplants, st_stairs_6
D:2:      kennysheep_the_goblin_king, grunt_dithmenos_smoke
